 Dungeon Crawl Stone Soup version 0.24.0-124-g2791043dd8 (webtiles) character file.

Game seed: 4655587446361872571, levelgen mode: deterministic

2255 HawFromDerth the Cleaver (level 9, -1/118 HPs)
             Began as a Hill Orc Berserker on Feb 14, 2020.
             Was an Elder of Trog.
             Killed by divine providence
             ... invoked by an orc priest
              (14 damage)
             ... on level 7 of the Dungeon.
             The game lasted 00:18:39 (7755 turns).

HawFromDerth the Cleaver (Hill Orc Berserker)       Turns: 7755, Time: 00:18:40

Health: -1/118     AC: 14    Str: 28    XL:     9   Next: 37%
Magic:  3/3        EV:  8    Int:  7    God:    Trog [****..]
Gold:   309        SH:  0    Dex: 10    Spells: 8/8 levels left

rFire    . . .     SeeInvis .   b - +0 battleaxe (antimagic)
rCold    . . .     Gourm    .   (shield currently unavailable)
rNeg     . . .     Faith    .   a - +0 plate armour
rPois    .         Spirit   .   f - +0 helmet
rElec    .         Reflect  .   (no cloak)
rCorr    .         Harm     .   (no gloves)
MR       .....                  (no boots)
Stlth    ..........             (no amulet)
HPRegen  0.29/turn              (no ring)
MPRegen  0.08/turn              (no ring)

@: berserking, very quick
A: no striking features
a: Berserk, Trog's Hand, Brothers in Arms, Renounce Religion, Convert to Beogh


You were on level 7 of the Dungeon.
You worshipped Trog.
Trog was greatly pleased with you.
You were not hungry.

You visited 1 branch of the dungeon, and saw 7 of its levels.

You collected 309 gold pieces.

Inventory:

Hand Weapons
 b - a +0 antimagic battleaxe (weapon)
 t - a +0 war axe
Missiles
 j - 2 javelins (quivered)
Armour
 a - a +0 plate armour (worn)
 f - a +0 helmet (worn)
Jewellery
 l - an uncursed ring of see invisible {unknown}
Wands
 o - a wand of scattershot (5)
 r - a wand of disintegration (20)
Scrolls
 c - a scroll of magic mapping
 d - 3 scrolls of fog
 e - 10 scrolls of identify
 g - a scroll of amnesia
 h - 7 scrolls of teleportation
 i - a scroll of enchant armour
 m - 3 scrolls of remove curse
Potions
 k - a potion of lignification {unknown}
 n - a potion of heal wounds
 q - a potion of magic
Comestibles
 p - 2 rations


   Skills:
 + Level 7.4 Fighting
 + Level 11.4 Axes
 + Level 0.1 Throwing
 + Level 6.6 Armour
 + Level 3.2 Dodging
 + Level 1.3 Stealth


You had 8 spell levels left.
You didn't know any spells.
Your spell library was empty.

Dungeon Overview and Level Annotations

Branches:
Dungeon (7/15)             Temple (0/1) D:7

Altars:
Dithmenos
Gozag
Sif Muna
Vehumet
Wu Jian
Yredelemnul

Shops:
D:4 *   D:5 [(}*


Message History

The bullfrog skeleton hits you.
* * * LOW HITPOINT WARNING * * *
A red film seems to cover your vision as you go berserk!
You feel yourself moving faster!
You feel mighty!
You feel a lot more hungry.
The orc warrior hits you but does no damage.
The orc priest shouts, "Surrender to Beogh and we'll let you live!"
The orc priest hits you but does no damage.
The bullfrog skeleton hits you but does no damage.
The orc priest shouts, "Join the one true god or die!"
You carve the orc warrior like a ham!!!
You kill the orc warrior!
Trog accepts your kill.
The orc priest threatens, "By the altar or by the axe, you will meet Beogh!"
You hit the bullfrog skeleton. You barely miss the orc priest.
The orc priest shouts, "Beogh is our master!
Accept the truth or die!"
You hear a shout!
The bullfrog skeleton hits you but does no damage.
The orc priest invokes the aid of Beogh against you.
Beogh smites you!
You die...

##### ... .>. .#### ...
....Z#########.
...o.o.........
o.oo.o.o.......
###o....... #.@)o...###
# ##..Z....# #.
###........(# ###'###
#........##.#
.......#####...÷....##.#
.⌠...⌠.#.....##.###.##.#
.......#.###.###.#
###.## ...⌠...'.###..#
.# #....########
.......#.##...# #.
#.#.........#


You could see an orc warrior, 2 orc priests and a bullfrog skeleton.

Vanquished Creatures
  Eustachio (D:4)
  A sky beast (D:6)
  A phantom (D:5)
  3 orc warriors
  2 black bears
  2 centaurs
  2 bullfrogs
  A water moccasin zombie (D:5)
  A scorpion (D:5)
  A water moccasin skeleton (D:4)
  2 howler monkeys
  A crimson imp (D:6)
  3 hounds
  4 orc priests
  2 bullfrog skeletons
  A centaur skeleton (D:4)
  5 iguanas
  2 worker ants
  6 orc wizards
  A hound zombie (D:6)
  13 adders
  6 gnolls
  An ooze (D:4)
  5 worms
  4 leopard geckos
  15 orcs
  2 ball pythons (D:5)
  9 bats
  4 giant cockroaches
  9 goblins
  10 hobgoblins
  10 kobolds
  2 quokkas
  2 frilled lizards (D:3)
  2 quokka skeletons
  6 rats
142 creatures vanquished.

Notes
Turn   | Place    | Note
-------+----------+-------------------------------------------
     0 | D:1      | HawFromDerth the Hill Orc Berserker began the quest for the
                  | Orb.
     0 | D:1      | Reached XP level 1. HP: 19/19 MP: 1/1
   279 | D:1      | Reached XP level 2. HP: 9/27 MP: 2/2
  1207 | D:2      | Reached XP level 3. HP: 32/33 MP: 3/3
  1515 | D:2      | Reached skill level 5 in Axes
  1578 | D:2      | Reached ** piety under Trog
  1648 | D:2      | Found an opulent altar of Gozag.
  2050 | D:2      | Found a shimmering blue altar of Sif Muna.
  2206 | D:3      | Reached XP level 4. HP: 35/40 MP: 4/4
  2237 | D:3      | HP: 2/40 [poisoned by an adder]
  3031 | D:3      | Found a shadowy altar of Dithmenos.
  3302 | D:3      | Reached XP level 5. HP: 43/47 MP: 5/5
  3336 | D:3      | Noticed a black bear
  3347 | D:3      | Killed a black bear
  3347 | D:3      | Reached skill level 6 in Axes
  3347 | D:3      | Reached skill level 1 in Stealth
  3442 | D:3      | Reached XP level 6. HP: 55/55 MP: 6/6
  3607 | D:4      | Reached skill level 5 in Fighting
  3766 | D:4      | Noticed Eustachio
  3784 | D:4      | Killed Eustachio
  3784 | D:4      | Reached skill level 7 in Axes
  3874 | D:4      | Reached XP level 7. HP: 61/61 MP: 7/7
  3894 | D:4      | Reached skill level 8 in Axes
  4079 | D:4      | Reached *** piety under Trog
  4132 | D:5      | Entered Level 5 of the Dungeon
  4132 | D:5      | Found Icipuck's Assorted Antiques.
  4386 | D:5      | Reached skill level 9 in Axes
  4768 | D:4      | Reached XP level 8. HP: 64/70 MP: 8/8
  4850 | D:4      | Found a radiant altar of Vehumet.
  4915 | D:4      | Found an ornate altar of the Wu Jian Council.
  5133 | D:4      | Found Ommaot's Assorted Antiques.
  5323 | D:5      | Found Orofrull's Gadget Shop.
  5557 | D:5      | Reached skill level 5 in Armour
  6046 | D:5      | Reached skill level 10 in Axes
  6073 | D:5      | Found Gezudey's Antique Armour Emporium.
  6132 | D:5      | Found Gugasung's Weapon Shop.
  6420 | D:6      | Reached **** piety under Trog
  6481 | D:6      | Found a basalt altar of Yredelemnul.
  6572 | D:6      | Reached XP level 9. HP: 58/78 MP: 3/9
  7129 | D:7      | Reached skill level 11 in Axes
  7741 | D:7      | Found a staircase to the Ecumenical Temple.
  7755 | D:7      | Killed from afar by an orc priest

Levels and vault maps discovered:
D:1:      lightli_arrival_isolated_outpost, layout_loops_corners,
          hangedman_decor_lopped
D:2:      layout_basic, overflow_temple_1_default, lemuel_coloured_pillars_altar
D:3:      minmay_bubble_buster, layout_basic, nicolae_overflow_hidden_temple,
          first_ration, glass_columns_b
D:4:      layout_loops_ring, nicolae_overflow_crystal_walls, old_standard_altar,
          serial_shops, shop_statue, uniq_eustachio
D:5:      layout_cave_pools, serial_shops, nicolae_shop_statue_plus,
          nicolae_shop_crystal, shop, nicolae_shop_statue_plus
D:6:      layout_loops_ring, lemuel_crystal_altar
D:7:      layout_loops_cross, minmay_temple_entry_from_below_a,
          minmay_fountain_box, grunt_ogre_cave, grunt_ministairs_10,
          nzn_random_ring

Skill      XL: |  1  2  3  4  5  6  7  8  9 |
---------------+----------------------------+-----
Fighting       | 4 5 6 7 |  7.4
Axes           | 5 6 7 9 10 11 | 11.4
Dodging        | 2 3 |  3.2
Stealth        | 1 |  1.3
Armour         | 3 4 5 6 |  6.6
Throwing       | |  0.1

Action                   |  1- 3 |  4- 6 |  7- 9 || total
-------------------------+-------+-------+-------++-------
Melee: Hand axe          |   109 |   141 |   105 ||   355
       War axe           |       |       |    65 ||    65
       Battleaxe         |       |       |   141 ||   141
Throw: Javelin           |     3 |       |       ||     3
Invok: Berserk           |     1 |     1 |     4 ||     6
  Use: Potion            |     1 |       |     5 ||     6
       Scroll            |       |       |     8 ||     8
 Stab: Sleeping          |     1 |       |       ||     1
  Eat: Chunk             |     3 |     2 |       ||     5
       Ration            |       |     2 |     5 ||     7
Armor: Animal skin       |    25 |     1 |       ||    26
       Ring mail         |       |    43 |    21 ||    64
       Leather armour    |       |     3 |       ||     3
       Plate armour      |       |       |   149 ||   149
       Scale mail        |       |       |    31 ||    31
Dodge: Dodged            |    72 |    90 |   145 ||   307
